 Dungeon Crawl Stone Soup version 0.23-a0-666-g28d4f2f0af (webtiles) character file.

95 HighWolly the Changer (level 4, 0/33 HPs)
             Began as a Merfolk Transmuter on Jan 8, 2019.
             Slain by a goblin
             ... wielding a +2 dagger of venom
             ... led by Robin
              (4 damage)
             ... on level 3 of the Dungeon.
             The game lasted 00:06:21 (2988 turns).

HighWolly the Changer (Merfolk Transmuter)          Turns: 2988, Time: 00:06:22

Health: 0/33       AC:  2    Str: 10    XL:     4   Next: 66%
Magic:  7/7        EV: 13    Int: 13    God:
Gold:   148        SH:  0    Dex: 14    Spells: 1/7 levels left

rFire    . . .     SeeInvis .     - Unarmed
rCold    . . .     Gourm    .   (no shield)
rNeg     . . .     Faith    .   b - +0 robe
rPois    .         Spirit   .   (no helmet)
rElec    .         Reflect  .   (no cloak)
rCorr    .         Harm     .   (no gloves)
MR       .....                  (no boots)
Stlth    +.........             (no amulet)
HPRegen  0.11/turn              (no ring)
MPRegen  0.10/turn              (no ring)

@: no status effects
A: change form in water, swift swim, stealthy swim
a: no special abilities


You were on level 3 of the Dungeon.
You were hungry.

You visited 1 branch of the dungeon, and saw 3 of its levels.

You collected 148 gold pieces.

Inventory:

Missiles
 a - 4 arrows
 f - 49 stones (quivered)
 h - 7 tomahawks of returning
Armour
 b - a +0 robe (worn)
Jewellery
 o - a +2 ring of intelligence {unknown}
   (You found it on level 2 of the Dungeon)
Scrolls
 e - a scroll of teleportation {@r4}
 g - a scroll of enchant weapon {unknown}
 i - a scroll of magic mapping {unknown}
 j - a scroll of amnesia {unknown}
 l - a scroll of fog {unknown}
 n - 3 scrolls of identify {unknown}
 p - a scroll of remove curse {unknown}
Potions
 m - a potion of haste {@q3}
Comestibles
 d - 4 rations {!d}
 q - 5 chunks of flesh


   Skills:
 + Level 2.1 Fighting
 - Level 2.6 Dodging
 * Level 4.3 Unarmed Combat
 + Level 2.1 Spellcasting
 * Level 4.4 Transmutations


You had one spell level left.
You knew the following spells:

 Your Spells              Type           Power        Failure   Level  Hunger
a - Beastly Appendage     Tmut           ##....       4%          1    ##.....
s - Sticks to Snakes      Tmut           ##......     6%          2    ###....
x - Spider Form           Tmut/Pois      #.........   30%         3    ####...

Your spell library contained the following spells:

 Spells                   Type           Power        Failure   Level  Hunger
 Ice Form                 Ice/Tmut       #.......     69%         4    #####..
 Blade Hands              Tmut           ##........   75%         5    ######.


Dungeon Overview and Level Annotations

Branches:
Dungeon (3/15)

Altars:

Annotations:
D:3 Robin


Message History

You kill the goblin!
The goblin misses you. Robin throws the goblin at you!
The goblin barely misses you. The goblin closely misses you.
The goblin hits you with a +0 club.
Unknown command.
You hit the goblin.
The goblin is poisoned.
The goblin completely misses you. The goblin misses you.
A goblin comes into view. It is wielding a -3 dagger.
The goblin shouts!
You hit the goblin but do no damage. The goblin hits you but does no damage.
The goblin hits you with a +0 club! The goblin misses you. The goblin hits you.
* * * LOW HITPOINT WARNING * * *
You closely miss the goblin. The goblin misses you.
The goblin completely misses you. The goblin misses you. The goblin hits you.
* * * LOW HITPOINT WARNING * * *
You hit the goblin.
The goblin looks as sick as possible!
The goblin hits you with a +0 club.
* * * LOW HITPOINT WARNING * * *
The goblin completely misses you. The goblin closely misses you.
Robin roars a battlecry!
The hobgoblin goes into a battle-frenzy!
The goblin misses you.
You are feeling hungry.
You barely miss the goblin.
Your transformation has ended.
Your +0 robe unmelds from your body.
The goblin no longer looks unusually strong.
You kill the goblin!
The goblin barely misses you. The goblin misses you.
Okay, then.
It was a potion of haste.
You feel yourself speed up. The goblin misses you.
The goblin hits you with a +0 club.
* * * LOW HITPOINT WARNING * * *
The goblin hits you.
* * * LOW HITPOINT WARNING * * *
As you read the scroll labeled ZECRUS BIFOELIGGAL, it crumbles to dust.
You feel strangely unstable.
It was a scroll of teleportation.
The goblin no longer looks unusually strong. x3
The goblin misses you. The goblin closely misses you.
It was a potion of magic.
Magic courses through your body.
The goblin no longer looks unusually strong.
The goblin completely misses you. The goblin closely misses you.
It was a potion of cancellation.
You feel strangely stable.
Your magical effects are unravelling.
You feel magically purged.
You feel yourself slow down. The goblin barely misses you.
The goblin hits you with a +2 dagger of venom.
You die...

..............<.........
.#####.#####.###....###
#.#.......'.......
#÷#.###.###....###
#.#.###.# #....#
##+#####.#.....# #....#
#..(...#.####### #....#
#......#g#########....#
#......#@gg.....÷.....###
#..$...#ggg..............
##....[.#ggg.........#....
.........gg..........#....
##...................#....
#(..........#########....
##+####.....# #....
#.....# #.... #.....#
#.÷..


You could see Robin, a hobgoblin and 9 goblins.

Vanquished Creatures
  4 adders (D:2)
  2 worms
  A dart slug (D:2)
  4 leopard geckos
  An orc (D:3)
  5 bats
  4 giant cockroaches
  5 goblins
  3 hobgoblins (D:1)
  3 kobolds
  3 quokkas
  A frilled lizard (D:2)
  6 rats
42 creatures vanquished.

Vanquished Creatures (collateral kills)
  An adder (D:2)
  A hobgoblin (D:2)
  A kobold (D:1)
3 creatures vanquished.

Grand Total: 45 creatures vanquished

Notes
Turn   | Place    | Note
-------+----------+-------------------------------------------
     0 | D:1      | HighWolly the Merfolk Transmuter began the quest for the
                  | Orb.
     0 | D:1      | Reached XP level 1. HP: 15/15 MP: 3/3
   186 | D:1      | Reached XP level 2. HP: 4/21 MP: 5/5
   425 | D:1      | Learned a level 2 spell: Sticks to Snakes
  1151 | D:2      | Reached XP level 3. HP: 13/27 MP: 3/6
  1490 | D:2      | Learned a level 3 spell: Spider Form
  1784 | D:2      | Reached XP level 4. HP: 33/33 MP: 5/7
  2968 | D:3      | Noticed Robin
  2988 | D:3      | Slain by a goblin

Vault maps used:
D:1:      dpeg_arrival_windows_large_door
D:2:      minmay_chambers_of_ones, minmay_distorted
D:3:      kennysheep_generic_room_3, uniq_terence, uniq_robin

Skill      XL: |  1  2  3 |
---------------+----------+-----
Transmutations | 3 4 |  4.4
Unarmed Combat | 4 |  4.3
Fighting       | 2 |  2.1
Dodging        | |  2.6
Spellcasting   | |  2.1

Action                   |  1- 3 |  4- 6 || total
-------------------------+-------+-------++-------
Melee: Unarmed           |   115 |    83 ||   198
       Punch             |     1 |     1 ||     2
       Headbutt          |     1 |     2 ||     3
 Cast: Beastly Appendage |     5 |     2 ||     7
       Sticks to Snakes  |     5 |     3 ||     8
       Spider Form       |       |     1 ||     1
  Use: Potion            |       |     3 ||     3
       Scroll            |       |     1 ||     1
 Stab: Sleeping          |     2 |       ||     2
       Distracted        |     1 |       ||     1
  Eat: Chunk             |     3 |     4 ||     7
Armor: Robe              |    19 |     4 ||    23
       Skin              |       |     3 ||     3
Dodge: Dodged            |    80 |    83 ||   163

Table legend:
 A = Non-vault XP
 B = Vault XP
 C = Vault XP percentage of total XP
 D = Non-vault monster count
 E = Vault monster count
 F = Vault count percentage of total count
                 A         B        C        D         E       F
            +---------+---------+-------+---------+---------+-------
      Total |     108 |      29 |  21.2 |      37 |       8 |  17.8
            +---------+---------+-------+---------+---------+-------
        D:1 |      24 |       0 |   0.0 |      13 |       0 |   0.0
        D:2 |      72 |      25 |  25.8 |      19 |       6 |  24.0
        D:3 |      12 |       4 |  25.0 |       5 |       2 |  28.6
            +---------+---------+-------+---------+---------+-------
